 Dungeon Crawl Stone Soup version 0.27-a0-419-g7a85846853 (webtiles) character file.

Game seed: 2076898419307501020

141 Chiseanne the Skirmisher (level 5, -4/41 HPs)
             Began as a Demonspawn Wanderer on Feb 26, 2021.
             Slain by Grinder (5 damage)
             ... on level 3 of the Dungeon.
             The game lasted 00:03:09 (2251 turns).

Chiseanne the Skirmisher (Demonspawn Wanderer)      Turns: 2251, Time: 00:03:09

Health: -4/41      AC:  9    Str: 13    XL:     5   Next: 3%
Magic:  5/5        EV:  7    Int: 11    God:
Gold:   75         SH:  0    Dex: 17    Spells: 4/4 levels left

rFire    . . .     SeeInvis .   a - +3 spear
rCold    . . .     Faith    .   (no shield)
rNeg     . . .     Spirit   .   j - +0 chain mail
rPois    .         Reflect  .   e - +0 helmet
rElec    .         Harm     .   (no cloak)
rCorr    .         Rampage  .   (no gloves)
Will     .....                  (no boots)
Stlth    ..........             (no amulet)
HPRegen  0.13/turn              (no ring)
MPRegen  0.18/turn              (no ring)

@: brilliant, hasted, very quick
A: thin skeletal structure 1, spiny 1, magic regeneration
a: no special abilities


You were on level 3 of the Dungeon.
You visited 1 branch of the dungeon, and saw 3 of its levels.

You collected 75 gold pieces.

Inventory:

Hand Weapons
 a - a +3 spear (weapon)
Missiles
 f - 52 stones (quivered)
 i - 8 arrows
 l - 30 sling bullets
 n - 45 bolts
Armour
 d - a +0 robe
 e - a +0 helmet (worn)
 j - a +0 chain mail (worn)
Jewellery
 p - a ring of positive energy
 r - a ring of see invisible
Scrolls
 b - 2 scrolls of teleportation
 k - 3 scrolls of enchant armour {unknown}
 s - a scroll of identify {unknown}
Potions
 c - a potion of lignification
 h - a potion of curing {unknown}
 m - a potion of ambrosia {unknown}
 o - a potion of heal wounds {unknown}
 t - a potion of might {unknown}


   Skills:
 * Level 3.5 Fighting
 - Level 1.7(2.1) Polearms
 - Level 1.7(2.1) Staves
 - Level 1.0 Throwing
 * Level 1.4 Armour
 * Level 3.2 Dodging
 * Level 1.0 Stealth
 - Level 1.0 Evocations


You had 4 spell levels left.
You didn't know any spells.
Your spell library was empty.

Dungeon Overview and Level Annotations

Branches:
Dungeon (3/15)

Altars:
Makhleb
Sif Muna
Trog
Xom
Yredelemnul
The Shining One

Annotations:
D:3 Grinder


Innate Abilities, Weirdness & Mutations

You have a somewhat thin skeletal structure. (Dex +2, Stealth)
You are partially covered in sharp spines.
You regenerate magic rapidly.


Message History

Grinder is moderately wounded.
Grinder hits you but does no damage.
You barely miss Grinder.
Grinder is moderately wounded.
You barely miss Grinder.
Grinder is moderately wounded.
Grinder blinks!
Grinder gestures at you. You resist with significant effort.
You hit Grinder but do no damage.
Grinder is moderately wounded.
Grinder is struck by your spines. Grinder hits you.
You hit Grinder.
Grinder is moderately wounded.
You hit Grinder.
Grinder is moderately wounded.
Grinder hits you!
You writhe in agony.
You hit Grinder.
Grinder is moderately wounded.
Grinder is struck by your spines. Grinder hits you but does no damage.
You barely miss Grinder.
Grinder is moderately wounded.
You hit Grinder.
Grinder is heavily wounded.
Grinder hits you.
You writhe in agony.
* * * LOW HITPOINT WARNING * * *
You hit Grinder.
Grinder is heavily wounded.
Grinder is struck by your spines. Grinder hits you.
* * * LOW HITPOINT WARNING * * *
You writhe in agony.
* * * LOW HITPOINT WARNING * * *
You barely miss Grinder.
Grinder is heavily wounded.
It was a potion of brilliance.
You feel clever all of a sudden. Grinder hits you.
* * * LOW HITPOINT WARNING * * *
You writhe in agony.
You die...

.......... ..#
#...#####. #..
##.## #.# #.# ...
#.# #.#### ##'##
#.§..# #...##
#.##.###.# .....##
##....5...#
....._##
##.###@#####
.......####...##.#
.......'.......#.#
.......####...##.#
......## ##.###.#
.....## #.....#
...... #.#####
##+#.. #.# ⌠. #.#


You could see Grinder.

Vanquished Creatures
  A hound (D:3)
  4 gnolls (D:3)
  2 adders (D:2)
  An ooze (D:1)
  A worm (D:2)
  A dart slug (D:2)
  A leopard gecko (D:2)
  9 bats
  A giant cockroach (D:1)
  A goblin (D:2)
  7 hobgoblins
  3 jackals (D:2)
  A quokka (D:2)
  6 frilled lizards
  3 kobolds
  7 rats
49 creatures vanquished.

Vanquished Creatures (others)
  A plant (D:2)
1 creature vanquished.

Grand Total: 50 creatures vanquished

Notes
Turn   | Place    | Note
-------+----------+-------------------------------------------
     0 | D:1      | Chiseanne the Demonspawn Wanderer began the quest for the
                  | Orb.
     0 | D:1      | Chiseanne set off with the following items: a +2 spear, a
                  | scroll of teleportation, a potion of lignification, a +0
                  | robe
     0 | D:1      | Reached XP level 1. HP: 16/16 MP: 1/1
   506 | D:1      | Gained mutation: You are partially covered in sharp spines.
                  | [demonic ancestry]
   506 | D:1      | Reached XP level 2. HP: 23/23 MP: 2/2
  1208 | D:2      | Gained mutation: You regenerate magic rapidly. [demonic
                  | ancestry]
  1208 | D:2      | Reached XP level 3. HP: 18/28 MP: 3/3
  1426 | D:2      | Found a shimmering blue altar of Sif Muna.
  1585 | D:2      | Found a shimmering altar of Xom.
  1675 | D:2      | Gained mutation: You have a somewhat thin skeletal
                  | structure. (Dex +2, Stealth) [demonic ancestry]
  1675 | D:2      | Reached XP level 4. HP: 35/35 MP: 4/4
  1790 | D:2      | Found a glowing golden altar of the Shining One.
  1816 | D:3      | Found a burning altar of Makhleb.
  1820 | D:3      | Reached skill level 1 in Armour
  1876 | D:3      | Found a basalt altar of Yredelemnul.
  1932 | D:3      | Reached skill level 1 in Stealth
  1935 | D:3      | Reached XP level 5. HP: 7/41 MP: 5/5
  2212 | D:3      | Found a bloodstained altar of Trog.
  2228 | D:3      | Noticed Grinder
  2251 | D:3      | HP: 1/41 [Grinder (2)]
  2251 | D:3      | Slain by Grinder

Illustrated notes

Levels and vault maps discovered:
D:1:      dpeg_arrival_pits, layout_basic, serial_curves, eino_curves_04,
          eino_curves_03, eino_curves_04, eino_curves_02
D:2:      layout_rooms, xom_teletrap_fun, tso_oasis_becter,
          lemuel_blue_sif_altar
D:3:      layout_loops_corners, makhleb_blood_cavern_becter,
          nemelex_xobeh_ov_fountains_minmay, marbit_many_paths,
          overflow_temple_1_default, grunt_temple_overflow_open,
          kennysheep_generic_room_2, uniq_grinder

Skill      XL: |  1  2  3  4 |
---------------+-------------+-----
Dodging        | 2 3 |  3.2
Fighting       | 3 |  3.5
Armour         | 1 |  1.4
Stealth        | 1 |  1.0
Polearms       | |  1.7
Staves         | |  1.7
Throwing       | |  1.0
Evocations     | |  1.0

Action                   |  1- 3 |  4- 6 || total
-------------------------+-------+-------++-------
Melee: Spear             |    97 |    37 ||   134
  Use: Scroll            |     1 |       ||     1
       Potion            |       |     2 ||     2
 Stab: Sleeping          |     1 |       ||     1
Armor: Robe              |     3 |       ||     3
       Chain mail        |    14 |    18 ||    32
Dodge: Dodged            |    21 |    13 ||    34

Table legend: (Time is in decaauts)
 A = Elapsed time spent in this place.
 B = Non-inter-level travel time spent in this place.
 C = Inter-level travel time spent in this place.
 D = Time resting spent in this place.
 E = Time spent auto-exploring this place.
 F = Levels seen in this place.
 G = Mean time per level.
                   A        B        C        D        E       F      G
               +--------+--------+--------+--------+--------+-----+--------+
         Total |   2244 |   2221 |     23 |    374 |   1557 |   3 |  748.0 |
       Dungeon |   2244 |   2221 |     23 |    374 |   1557 |   3 |  748.0 |
               +--------+--------+--------+--------+--------+-----+--------+

Top non-repeatable levels by time:
     D:1: 1323 daAuts
     D:2: 472 daAuts
     D:3: 448 daAuts
